 Dungeon Crawl Stone Soup version 0.18-a0-1126-ga2d7f46 (webtiles) character file.

39638 M4edhros the Grand Gadgeteer (level 14, -7/80 HPs)
             Began as an Octopode Artificer on Jan 20, 2016.
             Was the Champion of Pakellas.
             Mangled by a death yak (27 damage)
             ... on level 5 of the Lair of Beasts on Jan 21, 2016.
             The game lasted 01:10:11 (20140 turns).

M4edhros the Grand Gadgeteer (Octopode Artificer)  Turns: 20140, Time: 01:10:12

Health: -7/80      AC:  2    Str: 10    XL:     14   Next: 7%
Magic:  16/26      EV: 30    Int: 20    God:    Pakellas [******]
Gold:   1516       SH: 12    Dex: 19    Spells: 1 memorised, 7 levels left

rFire  + . .     SeeInvis +     l - +2 iron rod (5/11)
rCold  . . .     Gourm    .     u - +0 shield
rNeg   . . .     Faith    +     S - +1 hat
rPois  .         Spirit   .     B - amulet of faith
rElec  .         Dismiss  .     i - ring of resist corrosion
rCorr  +         Reflect  .     g - +4 ring of intelligence
SustAt .         Harm     .     K - +3 ring of evasion
MR     ++...     Rnd*Tele +     V - ring of see invisible
Stlth  ++++++++..               z - ring of protection from magic
                                T - ring of protection from cold
                                Z - ring of fire
                                Y - +1 ring of slaying

@: agile, very resistant to hostile enchantments, extraordinarily stealthy
A: almost no armour, amphibious, 8 rings, constrict 8, repulsion field 1,
camouflage 1, blink, blurry vision 1, dopey 1, frail 1, high mp 1, teleportitis
1, gelatinous body 1, subdued magic 1
a: Blink, Quick Charge, Device Surge, Supercharge, Renounce Religion


You were on level 5 of the Lair of Beasts.
You worshipped Pakellas.
Pakellas was exalted by your worship.
You were very hungry.

You visited 3 branches of the dungeon, and saw 18 of its levels.
You also visited: Labyrinth, Sewer, Bailey and Ice Cave.

You collected 1516 gold pieces.

Inventory:

Hand Weapons
 a - a +0 short sword of electrocution
 C - a +4 hunting sling of velocity
 G - a +0 blowgun
Missiles
 k - 211 stones (quivered)
 w - 10 curare-tipped needles
 A - 11 javelins
 D - 156 sling bullets
Armour
 u - a +0 shield (worn)
 S - a +1 hat (worn)
Rods
 l - a +2 iron rod (5/11) (weapon)
   (Pakellas gifted it to you on level 10 of the Dungeon)
 n - a +5 rod of ignition (9/14)
   (Pakellas gifted it to you in a sewer)
 W - a +5 iron rod (1/13)
   (You found it in a labyrinth)
Jewellery
 g - a +4 ring of intelligence (right tentacle)
 i - a ring of resist corrosion (left tentacle)
 z - a ring of protection from magic (on tentacle)
 B - an amulet of faith (around mantle)
 K - a +3 ring of evasion (on tentacle)
 N - an uncursed amulet of magic regeneration
 T - a ring of protection from cold (on tentacle)
 V - a ring of see invisible (on tentacle)
 Y - a +1 ring of slaying (on tentacle)
 Z - a ring of fire (on tentacle)
Wands
 c - a wand of enslavement (6/24)
 d - a wand of digging (13/24)
 e - a wand of fire (9/15)
 m - a wand of confusion (27/48)
 t - a wand of slowing (24/48)
 v - a wand of paralysis (15/24)
 y - a wand of draining (4/15)
 M - a wand of draining (4/15)
 U - a wand of lightning (8/15)
Scrolls
 b - 2 scrolls of fear
 h - a scroll of blinking
 p - 5 scrolls of teleportation
 L - 2 scrolls of recharging
 P - 2 scrolls of fog
 R - a scroll of identify
Potions
 o - 2 potions of might
 r - 6 potions of curing
 F - a potion of heal wounds
 H - 2 potions of haste
 O - 2 potions of lignification
Miscellaneous
 J - a fan of gales
 X - an ornate deck of defence {the Potion, drawn: 1}
Comestibles
 f - 8 bread rations
 j - 16 fruits
 s - 4 beef jerkies
 x - 5 meat rations


   Skills:
 + Level 5.8 Fighting
 - Level 1.0 Short Blades
 - Level 8.0 Slings
 + Level 9.9 Dodging
 + Level 12.7 Stealth
 * Level 12.7 Shields
 * Level 13.1 Evocations


You had 7 spell levels left.
You knew the following spells:

 Your Spells              Type           Power        Failure   Level  Hunger
a - Statue Form           Trmt/Erth      #........    100%        6    #######


Dungeon Overview and Level Annotations

Branches:
Dungeon (12/15)            Temple (1/1) D:4            Lair (5/8) D:10
  Swamp (0/4) Lair:4          Orc (0/2) D:11
  Snake: Lair:3-6    Spider: Lair:3-6

Altars:
Ashenzari
Cheibriados
Dithmenos
Elyvilon
Fedhas
Gozag
Kikubaaqudgha
Makhleb
Nemelex Xobeh
Okawaru
Pakellas
Qazlal
Ru
Sif Muna
Trog
Vehumet
Xom
Yredelemnul
Zin
The Shining One

Annotations:
D:3 Grinder


Innate Abilities, Weirdness & Mutations

You cannot wear most types of armour.
You are amphibious.
You can wear up to eight rings at the same time.
You can use your tentacles to constrict eight enemies at once.
Your skin changes colour to match your surroundings (Stealth).
Your rubbery body absorbs attacks (AC +1).
You are surrounded by a mild repulsion field (EV +2).
You can translocate small distances at will.
Scrolls take you a little longer to read.
You are dopey. (Int -2)
You are frail (-10% HP).
You have an increased reservoir of magic (+10% MP).
You are occasionally teleported next to monsters.
Your spells are a little easier to cast, but a little less powerful.


Message History

The death yak gores you. You block the death yak's attack.
Evoke which item? (* to show all) (? for menu, Esc to quit)
Zapping:
y - a wand of draining (5/15)
Press: ? - help, Shift-Dir - straight line, f - plant, p - death yak
Aim: a plant (severely damaged)
The bolt of negative energy hits the death yak.
The death yak is drained!
You kill the death yak!
Pakellas accepts your kill.
The bolt of negative energy hits the death yak.
The death yak is drained!
The death yak is heavily wounded.
The bolt of negative energy hits the plant.
The plant completely resists.
The plant is severely damaged.
This wand has 4 charges left.
The death yak gores you!!
* * * LOW HITPOINT WARNING * * *
The death yak gores you!!
You die...
Xom howls with laughter!

##..(.P....#.
#....#....##
#...##P....#
#.(.##.....#
######..(.
.PP.
#.##......
#.#...#
##Y.P..#
#@Yl..## .
#.Y.### ..
#..## ...
#### ....#
..... .....
..... .....
.##P.


You could see 3 death yaks and a wyvern.

Vanquished Creatures
  A minotaur (Lab)
  4 hydras
  7 death yaks (Lair:5)
  Sonja (Lair:3)
  6 orc knights (Bailey)
  A hill giant (D:11)
  An ugly thing (D:11)
  A deep elf mage (D:10)
  4 oklob plants (Lair:3)
  A griffon (Lair:4)
  3 ice statues (IceCv)
  2 centaur zombies (D:12)
  8 spiny frogs
  4 black mambas
  2 komodo dragons (Lair:2)
  A fire drake (Lair:4)
  2 trolls
  Prince Ribbit (Lair:2)
  A two-headed ogre (D:8)
  15 blink frogs
  Sigmund (D:3)
  A redback (Lab)
  2 shadows (Lab)
  A wyvern (Lair:4)
  2 wraiths (D:7)
  Eustachio (D:5)
  3 basilisks
  22 yaks
  2 hippogriffs (Lair:4)
  5 wolves (Lair:4)
  3 hungry ghosts
  A hell hound (D:10)
  7 water moccasins
  9 porcupines
  12 orc warriors
  9 ice beasts
  A black bear (Lair:5)
  2 sky beasts
  A phantom (D:4)
  8 ogres
  A necrophage (D:10)
  6 centaurs
  5 crocodiles
  2 big kobolds
  15 giant frogs
  4 scorpions
  A killer bee (D:8)
  6 wights
  A troll skeleton (D:7)
  2 electric eels (Lair:3)
  5 crimson imps
  A giant frog zombie (D:6)
  2 jellies
  2 quasits
  4 hounds
  5 human zombies (D:7)
  5 orc priests
  A giant frog skeleton (D:9)
  10 orc wizards
  3 centaur skeletons
  9 iguanas
  Ijyb (D:3)
  6 worker ants
  7 sheep (Lair:4)
  2 killer bee zombies
  5 mummies
  2 worker ant zombies (D:8)
  6 gnolls
  14 adders
  16 river rats
  A shadow imp (D:8)
  12 white imps (Lair:1)
  10 oozes
  2 adder skeletons
  5 worms
  10 giant geckos
  56 orcs
  15 giant cockroaches
  5 hobgoblins
  8 jackals
  12 kobolds
  6 quokkas
  13 ball pythons
  4 bats
  21 giant newts
  2 gnoll zombies (D:8)
  9 goblins
  A jackal zombie (D:9)
  An orc skeleton (D:7)
  A quokka zombie (D:7)
  6 rats
  5 plants (Lair:3)
513 creatures vanquished.

Vanquished Creatures (collateral kills)
  An orc priest (D:4)
  3 orcs (D:4)
4 creatures vanquished.

Vanquished Creatures (others)
  An orc knight (Bailey)
  6 fungi
7 creatures vanquished.

Grand Total: 524 creatures vanquished

Notes
Turn   | Place    | Note
--------------------------------------------------------------
     0 | D:1      | M4edhros the Octopode Artificer began the quest for the Orb.
     0 | D:1      | Reached XP level 1. HP: 13/13 MP: 3/3
   412 | D:1      | Reached XP level 2. HP: 18/18 MP: 4/4
   797 | D:2      | Reached XP level 3. HP: 23/23 MP: 5/5
   881 | D:2      | Reached skill level 1 in Slings
  1108 | D:2      | Reached XP level 4. HP: 20/28 MP: 6/6
  1171 | D:3      | Noticed Grinder
  1201 | D:3      | Noticed Sigmund
  1242 | D:3      | Noticed Ijyb
  1252 | D:3      | Killed Ijyb
  1282 | D:3      | Found a sparkling altar of Nemelex Xobeh.
  1322 | D:4      | Found a staircase to the Ecumenical Temple.
  1423 | Temple   | Entered the Ecumenical Temple
  1628 | D:4      | Reached skill level 1 in Shields
  1628 | D:4      | Reached skill level 4 in Evocations
  1628 | D:4      | Reached XP level 5. HP: 27/33 MP: 6/8
  1699 | D:4      | Noticed an ogre
  1739 | D:4      | Killed an ogre
  1739 | D:4      | Reached XP level 6. HP: 4/38 MP: 9/9
  2480 | D:4      | Noticed a sky beast
  2562 | D:4      | Killed a sky beast
  2568 | D:4      | Gained mutation: You can translocate small distances at will. [mutagenic meat]
  2569 | D:4      | Gained mutation: Your body sometimes deteriorates upon taking damage. [mutagenic meat]
  2570 | D:4      | Gained mutation: You are surrounded by a mild repulsion field (EV +2). [mutagenic meat]
  2572 | D:4      | Gained mutation: You have an increased reservoir of magic (+10% MP). [mutagenic meat]
  2573 | D:4      | Gained mutation: Your spells are a little easier to cast, but a little less powerful. [mutagenic meat]
  2720 | D:4      | Noticed a phantom
  2838 | D:3      | Reached XP level 7. HP: 36/43 MP: 11/11
  2933 | D:3      | Killed Sigmund
  3438 | D:3      | Found a shimmering altar of Xom.
  3529 | D:3      | Became a worshipper of Xom of Chaos
  3605 | Temple   | Fell from the grace of Xom
  3605 | Temple   | Became a worshipper of Pakellas the Inventive
  3874 | D:2      | XOM: draining
  4432 | D:5      | XOM: noise
  4432 | D:5      | Entered Level 5 of the Dungeon
  4498 | D:5      | Found a burning altar of Makhleb.
  4531 | D:5      | Reached skill level 5 in Evocations
  4641 | D:5      | Reached * piety under Pakellas
  4986 | D:5      | Noticed Eustachio
  4994 | D:5      | Killed Eustachio
  4994 | D:5      | Reached skill level 5 in Stealth
  4994 | D:5      | Reached XP level 8. HP: 48/48 MP: 4/13
  5167 | D:5      | XOM: mild Hex miscast
  5196 | D:6      | XOM: stat loss: -3 Int (17/20)
  5245 | D:6      | Reached skill level 5 in Shields
  5281 | D:6      | Reached skill level 5 in Dodging
  5281 | D:6      | Reached skill level 6 in Stealth
  5335 | D:6      | Found a glowing drain.
  5394 | D:6      | Reached XP level 9. HP: 26/53 MP: 8/14
  5415 | Sewer    | Entered a sewer
  5416 | Sewer    | Reached ** piety under Pakellas
  5416 | Sewer    | Received a gift from Pakellas
  5611 | Sewer    | Reached *** piety under Pakellas
  5661 | Sewer    | XOM: mild Ice miscast
  5686 | Sewer    | XOM: noise
  5824 | Sewer    | XOM: harmless Trmt miscast
  5880 | Sewer    | Reached **** piety under Pakellas
  5880 | Sewer    | Received a gift from Pakellas
  5885 | Sewer    | XOM: divination: detect creatures
  6404 | D:6      | Found a sparkling altar of Nemelex Xobeh.
  6566 | D:7      | Found a shadowy altar of Dithmenos.
  6773 | D:7      | Found a blossoming altar of Fedhas.
  6773 | D:7      | Found an iron altar of Okawaru.
  6774 | D:7      | Found a bloodstained altar of Trog.
  6792 | D:7      | Reached skill level 5 in Slings
  6792 | D:7      | Reached skill level 7 in Stealth
  7070 | D:7      | XOM: noise
  8103 | D:7      | Found an ancient bone altar of Kikubaaqudgha.
  8362 | D:7      | Reached XP level 10. HP: 30/58 MP: 16/16
  8459 | D:7      | Gained mutation: Your flesh is heat resistant. [potion of beneficial mutation]
  8537 | D:8      | Found a bloodstained altar of Trog.
  8552 | D:8      | Reached ***** piety under Pakellas
  8552 | D:8      | Reached skill level 8 in Shields
  8685 | D:8      | XOM: 2-stop teleportation journey
  8785 | D:8      | Found a snail-covered altar of Cheibriados.
  8813 | D:8      | XOM: mild Divn miscast
  8891 | D:8      | XOM: noise
  9037 | D:8      | Found a basalt altar of Yredelemnul.
  9492 | D:8      | XOM: medium Fire miscast
  9984 | D:9      | Reached skill level 9 in Stealth
 10130 | D:9      | Identified a +5 rod of ignition (14/14) (Pakellas gifted it to you in a sewer)
 10193 | D:9      | Reached XP level 11. HP: 31/63 MP: 18/18
 10297 | D:9      | Found a sacrificial altar of Ru.
 10303 | D:9      | Found a stormy altar of Qazlal.
 10312 | D:9      | Gained mutation: You tend to lose your temper in combat. [potion of mutation]
 10312 | D:9      | Gained mutation: Your muscles are strong. (Str +2) [potion of mutation]
 10312 | D:9      | Gained mutation: You are dopey. (Int -2) [potion of mutation]
 10474 | D:9      | Found a flagged portal.
 10505 | Bailey   | Entered a bailey
 10505 | Bailey   | Noticed an orc knight
 10505 | Bailey   | Noticed an orc knight
 10518 | Bailey   | Noticed an orc knight
 10521 | Bailey   | Noticed an orc knight
 10538 | Bailey   | Noticed an orc knight
 10539 | Bailey   | Noticed an orc knight
 10557 | Bailey   | Killed an orc knight
 10559 | Bailey   | Noticed an orc knight
 10575 | Bailey   | Killed an orc knight
 10604 | Bailey   | Killed an orc knight
 10670 | Bailey   | Killed an orc knight
 10670 | Bailey   | Reached skill level 10 in Stealth
 10739 | Bailey   | Killed an orc knight
 10739 | Bailey   | XOM: cast spell 'Death Channel'
 10741 | Bailey   | Killed an orc knight
 10741 | Bailey   | Reached skill level 10 in Shields
 10938 | D:9      | XOM: divination: magic mapping
 11006 | D:9      | Reached ****** piety under Pakellas
 11062 | D:9      | XOM: give mutations
 11062 | D:9      | Lost mutation: Your body sometimes deteriorates upon taking damage. [Xom's mischief]
 11062 | D:9      | Lost mutation: Your flesh is heat resistant. [Xom's mischief]
 11200 | D:9      | Found a bloodstained altar of Trog.
 11236 | D:10     | Entered Level 10 of the Dungeon
 11238 | D:10     | XOM: polymorph centaur -> hell hound
 11358 | D:10     | Noticed a deep elf mage
 11603 | D:10     | Gained mutation: You are occasionally teleported next to monsters. [potion of mutation]
 11603 | D:10     | Gained mutation: Your muscles are very strong. (Str +4) [potion of mutation]
 11613 | D:10     | XOM: medium Air miscast
 11644 | D:10     | Killed a deep elf mage
 11644 | D:10     | Received a gift from Pakellas
 11794 | D:10     | XOM: give mutation
 11794 | D:10     | Gained mutation: You are frail (-10% HP). [Xom's mischief]
 11818 | D:10     | Found a staircase to the Lair.
 11910 | D:9      | XOM: mild Conj miscast
 12020 | D:10     | XOM: give mutations
 12020 | D:10     | Lost mutation: You tend to lose your temper in combat. [Xom's mischief]
 12020 | D:10     | Gained mutation: Your body sometimes deteriorates upon taking damage. [Xom's mischief]
 12020 | D:10     | Lost mutation: Your muscles are very strong. (Str +4) [Xom's mischief]
 12267 | D:10     | Found a bloodstained altar of Trog.
 12483 | D:10     | Lost mutation: Your muscles are strong. (Str +2) [potion of mutation]
 12517 | D:10     | XOM: give mutations
 12517 | D:10     | Gained mutation: Scrolls take you a little longer to read. [Xom's mischief]
 12517 | D:10     | Gained mutation: Your body often deteriorates upon taking damage. [Xom's mischief]
 12517 | D:10     | Lost mutation: Your body often deteriorates upon taking damage. [Xom's mischief]
 12517 | D:10     | Lost mutation: Your body sometimes deteriorates upon taking damage. [Xom's mischief]
 12607 | D:11     | Noticed a hill giant
 12622 | D:11     | Killed a hill giant
 12731 | D:11     | XOM: 3-stop teleportation journey
 12731 | D:11     | Was forgiven by Xom
 12750 | D:11     | Reached skill level 10 in Evocations
 12767 | D:11     | Found a staircase to the Orcish Mines.
 12784 | D:11     | Found a labyrinth entrance.
 12795 | Lab      | Entered a labyrinth
 12863 | Lab      | Reached XP level 12. HP: 21/61 MP: 7/21
 13234 | Lab      | Noticed a minotaur
 13251 | Lab      | Killed a minotaur
 13270 | Lab      | Identified Ratsoso's Guide on the Voyage
 14499 | Lair:1   | Entered Level 1 of the Lair of Beasts
 14619 | Lair:1   | Reached skill level 11 in Stealth
 14698 | Lair:1   | Found a frozen archway.
 14797 | IceCv    | Entered an ice cave
 15615 | Lair:2   | Noticed Prince Ribbit
 15635 | Lair:2   | Killed Prince Ribbit
 15855 | Lair:2   | Noticed a five-headed hydra
 15863 | Lair:2   | Killed a five-headed hydra
 16062 | Lair:2   | Noticed a four-headed hydra
 16064 | Lair:2   | Killed a four-headed hydra
 16064 | Lair:2   | Reached XP level 13. HP: 47/71 MP: 23/23
 17222 | Lair:3   | Reached skill level 12 in Evocations
 17386 | Lair:3   | Noticed Sonja
 17419 | Lair:3   | Killed Sonja
 18431 | Lair:4   | Reached skill level 5 in Fighting
 19265 | Lair:4   | Found a staircase to the Swamp.
 19550 | Lair:5   | Received a gift from Pakellas
 19610 | Lair:5   | Learned a level 6 spell: Statue Form
 19658 | Lair:5   | Reached XP level 14. HP: 80/80 MP: 8/26
 19694 | Lair:5   | Reached skill level 13 in Evocations
 20140 | Lair:5   | Mangled by a death yak

Vault maps used:
D:1:      ncdulo_smallfort
D:3:      marbit_many_paths, first_bread, nemelex_dance_club_becter,
          uniq_grinder, uniq_sigmund, uniq_iyjb
D:4:      minmay_temple_entry_purple_smoke
D:5:      lightli_temple_of_fire, serial_bayou_pond_e, uniq_eustachio
D:6:      kennysheep_mini, gup_sewer_entry_glass, serial_aquarium,
          aquarium_bridge_square, aquarium_window_corridor_3, aquarium_window_1,
          aquarium_window_1, aquarium_window_1, aquarium_view_2c,
          aquarium_view_2e, aquarium_balcony_5b, aquarium_pool_side,
          kennysheep_small_spiral
D:7:      gammafunk_temple_overflow_claw, lemuel_mausoleum_altar_kikubaaqudgha,
          lemuel_round_altar
D:8:      wad_guarded_room, lemuel_zombie_altar_yredelemnul,
          kennysheep_mini_moat, basic_altar
D:9:      lemuel_doored_altar, nicolae_overflow_hidden_temple, enter_bailey_7,
          david_defended_altar_elf
D:10:     lair_0_dummy, basic_altar, hangedman_stone_soup
D:11:     orc_0_dummy, lab_entry_generic
D:12:     kennysheep_treasure_stockpile, serial_undead, serial_undead_b,
          serial_undead_d, serial_undead_b, serial_undead_d, serial_undead_a,
          serial_undead_e, serial_undead_b, serial_undead_f, serial_undead_e,
          serial_undead_b, uniq_rupert
Temple:   nicolae_temple_no_exploring_needed
Lair:1:   portal_ice_cave_entry_imps
Lair:2:   uniq_prince_ribbit2
Lair:3:   minmay_lair_oklob_chamber, infiniplex_staircase_pool,
          lemuel_fruit_fields, uniq_sonja
Lair:4:   minmay_swamp_entry_worms
Lair:5:   nicolae_quartered_pool_super, minmay_holes, beast_lair_carwin_11
Lab:      nicolae_lab_flowing_pool, lab_block, nicolae_lab_do_over,
          nicolae_lab_diamond, nicolae_lab_swirl, labyrinth_skeletal_remains,
          nicolae_lab_very_dead_end, nicolae_lab_quarters
Sewer:    sewer_frog_island_02
Bailey:   bailey_polearm_4, bailey
IceCv:    ice_cave_statue_garden_02

Action                   |  1- 3 |  4- 6 |  7- 9 | 10-12 | 13-15 || total
-------------------------+-------+-------+-------+-------+-------++-------
Melee: Short sword       |    38 |    65 |    30 |    23 |     8 ||   164
 Fire: Hunting sling     |    39 |    13 |   568 |   941 |   431 ||  1992
       Blowgun           |       |       |       |     2 |       ||     2
Invok: Quick Charge      |       |       |     5 |     8 |     3 ||    16
       Device Surge      |       |       |       |     6 |     1 ||     7
Evoke: Wand              |     1 |    10 |    39 |    73 |    25 ||   148
       Rod               |       |       |       |    35 |    34 ||    69
       Deck              |       |       |       |     1 |       ||     1
  Use: Potion            |       |     1 |     2 |    11 |     2 ||    16
       Scroll            |       |       |    10 |    17 |     3 ||    30
 Stab: Sleeping          |     2 |     6 |     1 |       |       ||     9
       Confused          |       |       |       |     1 |       ||     1
  Eat: Chunk             |       |     7 |    10 |    27 |     9 ||    53
       Meat ration       |       |     1 |     1 |     1 |     3 ||     6
       Pizza             |       |       |     1 |     3 |       ||     4
       Royal jelly       |       |       |       |     3 |       ||     3
       Beef jerky        |       |       |       |       |     1 ||     1
